[Event "44th Chess Olympiad Open 2022"]
[Site "Chennai"]
[Date "2022.07.30"]
[Round "2.60"]
[White "Mujahid Bin Yazeed"]
[Black "Jaiswal, Rupesh"]
[Result "0-1"]
[ECO "A02"]
[WhiteElo "1418"]
[BlackElo "2083"]
[Annotator "TA"]
[PlyCount "52"]
[EventDate "2022.07.29"]
[EventType "team-tourn"]
[EventCountry "IND"]
[SourceTitle "playchess.com"]
[Source "ChessBase"]
[SourceQuality "1"]
[WhiteTeam "Maldives"]
[BlackTeam "Nepal"]
[WhiteTeamCountry "MDV"]
[BlackTeamCountry "NEP"]
[TimeControl "40/5400+30:1800+30"]

1. f4 c5 2. Nf3 d6 3. g3 g6 4. Bg2 Bg7 5. O-O Nc6 6. c3 {[%emt 0:01:05] A02: Bird's Opening.} Qb6 7. Kh1 Nf6 {[%emt 0:06:27] [#]} 8. d4 $146 {[%emt 0:01:41] The position is equal.} ({Predecessor:} 8. Na3 Bg4 9. d3 h5 10. h3 Bd7 11. e4 h4 12. Nxh4 O-O-O 13. Rb1 Nh5 14. Qe1 {½-½ (35) Nguyen,A (1589)-Nguyen,H (2117) Ho Chi Minh City 2019}) 8... cxd4 9. cxd4 Bg4 (9... Bf5 $15 {should be considered.}) 10. e3 O-O 11. Nc3 Rac8 12. Na4 (12. h3 $11 {keeps the balance.} Bd7 13. Kh2) 12... Qa6 $17 {[%emt 0:01:25] Black is more active.} 13. Nc3 Rfe8 14. h3 (14. e4 $15) 14... Bxf3 (14... Bf5 $17) 15. Qxf3 e5 16. fxe5 dxe5 17. d5 {[%emt 0:02:57] [#]} (17. dxe5 $15 Nxe5 18. Qxb7) 17... e4 $1 $19 18. Qf4 (18. Qd1 $17 Red8 19. g4 (19. Bxe4 $2 Nxe4 20. Nxe4 Rxd5 $19)) 18... Nb4 {[%emt 0:00:19] ...Nd3 is the strong threat.} 19. Kg1 (19. g4 $142) 19... Qc4 (19... Nd3 $19 {and Black stays clearly on top.} 20. Qh4 Qb6) 20. Rd1 $2 (20. Bd2 $17 {is the only way for White.}) 20... Nbxd5 21. Nxd5 Nxd5 22. Qf2 Nb4 23. Bf1 Qe6 {[%emt 0:01:19] Black is clearly winning.} ({But not} 23... Nd3 $2 24. Qe2 $19) 24. a3 Rc2 ({Don't blunder} 24... Nd3 $2 25. Bxd3 exd3 26. Rxd3 $19) 25. axb4 (25. Rd2 $142 Nd3 26. Bxd3 exd3 27. Rxc2 dxc2 28. Qxc2) 25... Rxf2 26. Kxf2 Qf5+ {[%emt 0:00:19] Weighted Error Value: White=0.86/Black=0.26 (precise)} 0-1

[Event "44th Chess Olympiad Open 2022"]
[Site "Chennai"]
[Date "2022.07.30"]
[Round "2.61"]
[White "Volpinari, Danilo"]
[Black "Christie, Joshua"]
[Result "0-1"]
[ECO "D02"]
[WhiteElo "1955"]
[BlackElo "2272"]
[Annotator "TA"]
[PlyCount "74"]
[EventDate "2022.07.29"]
[EventType "team-tourn"]
[EventCountry "IND"]
[SourceTitle "playchess.com"]
[Source "ChessBase"]
[SourceQuality "1"]
[WhiteTeam "San Marino"]
[BlackTeam "Jamaica"]
[WhiteTeamCountry "SMR"]
[BlackTeamCountry "JAM"]
[TimeControl "40/5400+30:1800+30"]

1. d4 Nf6 2. Bf4 e6 3. e3 c5 4. c3 d5 5. Nd2 Bd6 6. Bg3 O-O 7. Ngf3 b6 8. Bd3 Bb7 9. Ne5 Nc6 10. f4 {[%emt 0:03:48] D02: 1 d4 d5 2 Nf3 sidelines, including 2...Nf6 3 g3 and 2...Nf6 3 Bf4.} Ne7 11. O-O Ne4 12. Bh4 {[%emt 0:05:40] Black is slightly better.} f6 {[%emt 0:03:28] aiming for ...Nf5.} 13. Nef3 c4 14. Bc2 b5 15. a3 Qd7 16. Qe2 {[%emt 0:00:55] [#]} Nf5 $146 ({Predecessor:} 16... Rfc8 17. Nxe4 dxe4 18. Nd2 f5 19. Bxe7 Bxe7 20. g4 Bd5 21. g5 g6 22. h4 Kf7 {½-½ (44) Rocchetti,M (1781)-Voltolini,G (2115) Arco 2019}) 17. g4 Nxh4 {[%emt 0:02:21] Black is more active.} 18. Nxh4 a5 19. Nhf3 e5 (19... Nxd2 $15 20. Qxd2 b4) 20. f5 {[%emt 0:03:28] [#]} (20. Nxe4 $11 {was the only way to keep the balance.} dxe4 21. Nd2) 20... Nxd2 $1 $17 21. Qxd2 Qe7 (21... e4 $142 22. Ne1 b4) 22. Rae1 (22. dxe5 $142 fxe5 23. Qe2) 22... Rae8 (22... e4 $17 23. Nh4 Bc6) 23. Nh4 (23. dxe5 $15 fxe5 24. h3) 23... exd4 24. exd4 Qf7 25. Ng2 Qc7 26. Nh4 ({White should play} 26. Ne3 $15) 26... Qd7 (26... Rxe1 $17 27. Rxe1 Bc6) 27. Qf2 Rxe1 28. Rxe1 Re8 (28... Qc7 $17) 29. Ng2 b4 30. axb4 axb4 31. Ra1 (31. Rxe8+ $11 {keeps the balance.} Qxe8 32. Bd1) 31... Qc7 32. h3 Bc6 33. Bd1 Bg3 34. Qd2 {[%emt 0:01:37][%mdl 8192] Now White is beyond hope.} (34. Qf3 $17) 34... Bh2+ $19 {[%emt 0:00:23] A strong pair of Bishops. Black is clearly winning.} 35. Kf1 Qg3 36. h4 Qh3 {[%emt 0:00:48] [#] ...Bg3 is the strong threat.} 37. Qf2 Bg3 {[%emt 0:00:16] Weighted Error Value: White=0.67/Black=0.21 (precise)} 0-1

[Event "44th Chess Olympiad Open 2022"]
[Site "Chennai"]
[Date "2022.07.30"]
[Round "2.61"]
[White "Shaw, Jaden"]
[Black "Righi, Ezio"]
[Result "1-0"]
[ECO "B22"]
[WhiteElo "1930"]
[BlackElo "1912"]
[Annotator "TA"]
[PlyCount "53"]
[EventDate "2022.07.29"]
[EventType "team-tourn"]
[EventCountry "IND"]
[SourceTitle "playchess.com"]
[Source "ChessBase"]
[SourceQuality "1"]
[WhiteTeam "Jamaica"]
[BlackTeam "San Marino"]
[WhiteTeamCountry "JAM"]
[BlackTeamCountry "SMR"]
[TimeControl "40/5400+30:1800+30"]

1. e4 c5 2. Nf3 e6 3. c3 Nf6 4. e5 Nd5 5. d4 cxd4 6. cxd4 d6 7. Bd3 Nc6 8. O-O {[%emt 0:00:49] B22: Sicilian: 2 c3.} Qc7 9. Re1 Bd7 {[%emt 0:06:19] [#]} 10. Bg5 $146 {[%emt 0:02:15] White is slightly better.} ({Predecessor:} 10. Nc3 Nxc3 11. bxc3 dxe5 12. d5 exd5 13. Nxe5 Nxe5 14. f4 Bc5+ 15. Kh1 O-O 16. Rxe5 Bd6 17. Rxd5 Qxc3 18. Be3 Bg4 19. Bd4 Qxd4 20. Bxh7+ {1-0 (20) Fariz,S-Rago,R Kuala Lumpur 2001}) 10... h6 11. Bh4 dxe5 12. Nxe5 (12. Bg3 $14) 12... Nxe5 $15 13. dxe5 Bb4 (13... g5 $5 14. Bg3 h5 $11) 14. Nd2 Rc8 15. a3 Bxd2 16. Qxd2 O-O {[%emt 0:00:55] [#]} (16... Qb6 $11) 17. Re4 $1 $16 f5 18. exf6 $1 Nxf6 19. Rc4 Bc6 20. Re1 Qf7 (20... Rcd8 $1 $14) 21. Bb1 Bd5 22. Rd4 {[%emt 0:02:38] White is more active.} Rc6 23. Qd3 Qc7 $2 {[%emt 0:01:38][%mdl 8192] Loses the game.} (23... g5 $16 {is tougher.}) 24. Bxf6 $18 Rxf6 25. Qh7+ Kf8 $2 {[%emt 0:03:03] [#]} (25... Kf7 26. Rg4 Kf8) 26. Rxd5 $1 Rc1 (26... Kf7 27. Be4) 27. Rdd1 {[%emt 0:00:42] Weighted Error Value: White=0.14 (very precise) /Black=0.64} 1-0

[Event "44th Chess Olympiad Open 2022"]
[Site "Chennai"]
[Date "2022.07.30"]
[Round "2.61"]
[White "Herrera, Adrian"]
[Black "Lorne, Ras Malaku"]
[Result "0-1"]
[ECO "A36"]
[WhiteElo "1563"]
[BlackElo "2079"]
[Annotator "TA"]
[PlyCount "90"]
[EventDate "2022.07.29"]
[EventType "team-tourn"]
[EventCountry "IND"]
[SourceTitle "playchess.com"]
[Source "ChessBase"]
[SourceQuality "1"]
[WhiteTeam "San Marino"]
[BlackTeam "Jamaica"]
[WhiteTeamCountry "SMR"]
[BlackTeamCountry "JAM"]
[TimeControl "40/5400+30:1800+30"]

1. c4 c5 2. Nc3 Nc6 3. g3 g6 4. Bg2 Bg7 5. e3 e5 6. Nge2 Nge7 7. a3 a5 {[%emt 0:08:37] A36: Symmetrical English vs ...g6: 4 Bg2 Bg7.} 8. d3 d6 {[%emt 0:02:50] [#]} 9. Nd5 $146 ({Predecessor:} 9. Nb5 O-O 10. Nec3 f5 11. Bd2 Kh8 12. Rb1 Be6 13. Nd5 Bg8 14. O-O Nxd5 15. cxd5 {0-1 (37) Ponomariov,R (2735)-Radjabov,T (2792) Eilat 2012}) 9... Nxd5 {[%emt 0:12:09] The position is equal.} 10. Bxd5 O-O 11. Bg2 Be6 12. Nc3 {[%emt 0:12:30] Prevents d5.} Rb8 13. O-O f5 14. Nd5 Ne7 15. Bd2 Nxd5 16. cxd5 Bd7 17. a4 b5 18. axb5 Rxb5 (18... a4 $5 ) 19. Bc3 Qc7 20. Qd2 Ra8 21. Rfc1 a4 22. d4 cxd4 (22... exd4 {keeps more tension.} 23. exd4 cxd4 24. Bxd4 Qa5) 23. Bxd4 Qb7 24. Bc3 Be8 25. Bf1 Rb6 26. Bc4 Rc8 27. Be2 Rc5 28. Rd1 e4 29. Bxg7 Qxg7 30. Rdb1 Qe5 31. Bd1 Rxd5 32. Qe2 ({White should try} 32. Qe1 $15) 32... Bb5 $17 {[%emt 0:01:24] 0x0.0020ae855cf3dp-1022s more active pieces.} 33. Qe1 Ra6 {[%emt 0:05:16] Inhibits Qa5.} ({Better is} 33... Bd3 $17 34. Rc1 Qxb2 35. Bxa4 (35. Rc8+ $2 Kg7 $19) 35... Rc5) 34. b3 (34. Qb4 $11) 34... Bd3 (34... a3 $17 {Strongly threatening ...a2.} 35. Ra2 Ra8) 35. Rc1 (35. Be2 $1 $11 {remains equal.}) 35... Rc5 (35... a3 $17 {And now ...Rc5 would win.} 36. b4 Qb2) 36. bxa4 $2 {[%emt 0:00:52] [#]} (36. Rxc5 $11 {and White has nothing to worry.} dxc5 37. Rxa4) 36... Qb2 $36 {[%emt 0:01:15][%mdl 2048] Black is in control.} 37. g4 $2 (37. Rxc5 {was the crucial defense.} dxc5 38. Rc1) 37... Kg7 ({Inferior is} 37... Rxc1 38. Rxc1 fxg4 39. Rc8+ Kg7 40. Rc7+ Kg8 41. Rc8+ (41. Bxg4 Rxa4 42. Kg2 Kf8 $17) 41... Kf7 42. Rc7+ Kg8 43. Rc8+ $11 (43. Bxg4 Rxa4 44. Kg2 Kf8 $17)) 38. Rxc5 dxc5 39. Be2 Qxe2 40. Qc3+ Kh6 41. h3 Qf3 42. Qe5 fxg4 43. h4 Qf6 44. Qe8 Qxa1+ 45. Kh2 Rf6 {[%emt 0:00:00] Weighted Error Value: White=0.94/Black=0.28 (precise)} 0-1

[Event "44th Chess Olympiad Open 2022"]
[Site "Chennai"]
[Date "2022.07.30"]
[Round "2.62"]
[White "Gong Thon Gong"]
[Black "Gontcharov, Serguei"]
[Result "1-0"]
[ECO "D02"]
[WhiteElo "2176"]
[BlackElo "1864"]
[Annotator "TA"]
[PlyCount "45"]
[EventDate "2022.07.29"]
[EventType "team-tourn"]
[EventCountry "IND"]
[SourceTitle "playchess.com"]
[Source "ChessBase"]
[SourceQuality "1"]
[WhiteTeam "SSD"]
[BlackTeam "Bermuda"]
[BlackTeamCountry "BER"]
[TimeControl "40/5400+30:1800+30"]

1. d4 Nf6 2. Nf3 d5 3. g3 c5 4. Bg2 Nc6 5. O-O e6 6. a3 h6 {[%emt 0:01:55] D02: 1 d4 d5 2 Nf3 sidelines, including 2...Nf6 3 g3 and 2...Nf6 3 Bf4.} 7. dxc5 Bxc5 8. b4 {[%emt 0:00:11] [#]} Bd6 $146 {[%emt 0:01:00] White has an edge.} ({Predecessor:} 8... Be7 9. Bb2 O-O 10. Nbd2 b5 11. a4 Qb6 12. axb5 Qxb5 13. c4 dxc4 14. Qa4 Rb8 15. Qxb5 Rxb5 16. Nxc4 Bxb4 {½-½ (22) Fluvia Poyatos,J (2470)-Perez Mitjans,O (2477) Catalunya 2012}) 9. Nbd2 O-O 10. Bb2 Re8 11. c4 Be7 12. Qc2 Bd7 13. Rfd1 Rc8 14. Rac1 a5 (14... Bf8 $14) 15. b5 $18 Nb8 16. Qb3 ({Better is} 16. a4 $18) 16... Qb6 {[%emt 0:03:44] [#]} (16... a4 $16 {keeps fighting.} 17. Qxa4 Na6) 17. Ne5 (17. a4 $1 $18) 17... dxc4 $16 18. Nxd7 {[%emt 0:00:23] White is more active.} ({Much less strong is} 18. Rxc4 Qxb5 19. Rxc8 (19. Bxb7 Rxc4 20. Nexc4 a4 $14) 19... Rxc8 $14) 18... Nbxd7 19. Nxc4 Rxc4 20. Qxc4 $18 {[%emt 0:00:14] And now Bd4 would win.} ({Resist} 20. Rxc4 Nc5 21. Qc2 Qc7 $18) 20... Bc5 21. e3 {[%emt 0:00:41] [#] Threatens to win with Bxf6.} h5 $2 (21... Rc8 22. h4 Qc7) 22. Bxf6 gxf6 23. Rxd7 {[%emt 0:00:41] Weighted Error Value: White=0.13 (very precise) /Black=0.53} 1-0

[Event "44th Chess Olympiad Open 2022"]
[Site "Chennai"]
[Date "2022.07.30"]
[Round "2.62"]
[White "Rehan, Deng Cypriano"]
[Black "Kovacova, Zuzana"]
[Result "1-0"]
[ECO "A25"]
[WhiteElo "2105"]
[BlackElo "2050"]
[Annotator "TA"]
[PlyCount "77"]
[EventDate "2022.07.29"]
[EventType "team-tourn"]
[EventCountry "IND"]
[SourceTitle "playchess.com"]
[Source "ChessBase"]
[SourceQuality "1"]
[WhiteTeam "SSD"]
[BlackTeam "Bermuda"]
[BlackTeamCountry "BER"]
[TimeControl "40/5400+30:1800+30"]

1. c4 e5 2. g3 Nc6 3. Bg2 d6 4. Nc3 Be6 5. d3 g6 6. Nf3 {[%emt 0:00:57] A25: English Opening vs King's Indian with ...Nc6 but without early d3.} h6 7. d4 {[%emt 0:12:08] Strongly threatening d5.} Bd7 {[%emt 0:02:38] [#]} 8. d5 $146 {[%emt 0:08:19] White is slightly better.} ({Predecessor:} 8. Be3 Bg7 9. Qd2 f5 10. dxe5 dxe5 11. Rd1 e4 12. Nd4 Ne5 13. b3 Ne7 14. O-O {1-0 (25) Predke,A (2361)-Balaian,A (2148) St Petersburg 2009}) 8... Nce7 9. c5 Bg7 10. cxd6 cxd6 11. Qb3 Qb8 12. e4 f5 13. O-O Nf6 14. Nd2 b5 {[%emt 0:10:09] Inhibits Nc4.} 15. a3 O-O 16. exf5 gxf5 17. Nf3 Kh8 18. Nh4 Qe8 19. Bd2 a5 20. Rfe1 Kh7 21. Rac1 Qb8 22. Ne2 Rc8 (22... Rf7 $11) 23. Nd4 {[%emt 0:03:29] Hoping for Nc6.} a4 {[%emt 0:03:46] [#]} (23... Rxc1 $14 {is more appropriate.} 24. Bxc1 a4) 24. Qd1 $1 $16 {[%emt 0:03:11] Threatens to win with Nc6. 0x0.0002da529db6dp-1022s more active pieces.} e4 $2 (24... Rxc1 $16 25. Bxc1 Qc8) 25. Ne6 $2 ({White has to play} 25. Nc6 $1 $18 Bxc6 26. dxc6) 25... Rxc1 $11 26. Bxc1 {[%emt 0:00:27] Bh3 is the strong threat.} Bh8 $2 (26... Nfxd5 $2 {[#]} 27. Nxf5 $1 Bxe6 28. Nxe7 Nxe7 29. Bxe4+ Kh8 30. Bxa8 $18) ({Better is} 26... Bxe6 $14 27. dxe6 d5) 27. Qd2 Nfg8 {[%emt 0:01:35] [#]} (27... Bg7 {was necessary.} 28. Bh3 Bxe6) 28. Nxf5 $1 $18 {[%emt 0:01:11][%mdl 512] White is clearly winning.} Nxf5 29. Bxe4 Bxe6 30. dxe6 Qf8 31. Qd5 Nge7 32. Qxa8 Qxa8 33. Bxa8 {[%emt 0:00:11] This bishop pair is nice.} d5 {[%emt 0:00:42] Inhibits Be4.} 34. Rd1 Nd4 35. Be3 Nxe6 36. Bxd5 Nxd5 37. Rxd5 Bxb2 38. Rxb5 Bxa3 39. Ra5 {[%emt 0:00:21] Weighted Error Value: White=0.28 (precise) /Black=0.62} 1-0

[Event "44th Chess Olympiad Open 2022"]
[Site "Chennai"]
[Date "2022.07.30"]
[Round "2.62"]
[White "Faulks, Nick"]
[Black "Ajak Mach Duany"]
[Result "0-1"]
[ECO "A21"]
[WhiteElo "1820"]
[BlackElo "2029"]
[Annotator "TA"]
[PlyCount "90"]
[EventDate "2022.07.29"]
[EventType "team-tourn"]
[EventCountry "IND"]
[SourceTitle "playchess.com"]
[Source "ChessBase"]
[SourceQuality "1"]
[WhiteTeam "Bermuda"]
[BlackTeam "SSD"]
[WhiteTeamCountry "BER"]
[TimeControl "40/5400+30:1800+30"]

1. c4 e5 2. Nc3 f5 3. e3 Nf6 4. g3 Nc6 5. a3 e4 {[%emt 0:05:24] [#]} 6. f4 $146 {[%emt 0:06:55] A21: English Opening: 1...e5 2 Nc3.} (6. d4 $11) ({Predecessor:} 6. d4 g6 7. b4 Bg7 8. Qb3 d6 9. Nh3 Ne7 10. Bb2 h6 11. Nf4 g5 12. Ng2 Be6 13. h4 c6 14. hxg5 hxg5 15. Rxh8+ Bxh8 16. Be2 d5 17. c5 Ng6 18. b5 {½-½ (18) Dimitrijevic,S (1993)-Maric,D (2221) Belgrade 2012}) 6... a5 (6... d5 $15 7. cxd5 Nxd5) 7. Nh3 $11 Bc5 8. b3 {[%emt 0:05:11] White has an edge.} Ne7 9. Bb2 (9. d4 $5 Ba7 10. Be2 $11) 9... Ng6 (9... O-O $11 {remains equal.}) 10. Nd5 $16 Nxd5 (10... Be7 $16) 11. cxd5 $18 Qe7 12. Qh5 Qf8 13. Ng5 {[%emt 0:03:19] [#] Black must now prevent d6.} Be7 14. Nxh7 Qf7 15. d6 ({Better is} 15. Rc1 $18) 15... cxd6 $16 16. Bc4 d5 17. Bxd5 Qxd5 $14 18. Qxg6+ Qf7 19. Qxf7+ Kxf7 20. Ng5+ Kg6 21. h4 Ra6 (21... b5 $1 $14) 22. Bc3 ({White should play} 22. Kf2 $16) 22... b5 23. Kf2 b4 24. axb4 axb4 25. Rxa6+ (25. Be5 $14 {was preferrable.}) 25... Bxa6 $11 26. h5+ $2 (26. Bd4 $11 {and White stays safe.}) 26... Rxh5 $19 27. Rxh5 (27. Ra1 {was the only chance.} Bd3 28. Bd4) 27... Kxh5 $2 (27... bxc3 $19 28. Rh1 c2) 28. Bxg7 {[%emt 0:00:20][%mdl 4096] Endgame KBB-KBN} Bd3 29. Bd4 {[%emt 0:01:04] [#]} (29. Nh7 $1 $15) 29... Bc2 $1 $17 30. Nf7 (30. Ke2 $17 {might work better.}) 30... Bxb3 31. Ne5 Ba4 32. Nc4 Bb5 {[%emt 0:00:45] A strong pair of Bishops.} 33. Nb2 d5 34. Be5 Kg6 35. Ke1 b3 36. Bc3 Bc5 37. Nd1 Kf7 (37... Kh5 $19 38. Bb2 Kg4) 38. Nb2 (38. Bb2 $17 {is a better defense.}) 38... Ke7 $19 39. Nd1 Kd6 40. Nb2 Bb6 41. Bb4+ Kc6 {[%emt 0:30:17] aiming for ...d4.} 42. Bc3 d4 (42... Bc5 $19 {...Kb6 is the strong threat.} 43. Nd1 Ba6) 43. exd4 $15 Kd5 44. Nd1 Bxd4 45. Nb2 $2 (45. Ne3+ $15 Kc5 46. Kd1) 45... e3 {[%emt 0:00:00] What a bad dream for White.  Weighted Error Value: White=0.46/Black=0.38} (45... Bxc3 $142 46. dxc3 e3) 0-1

[Event "44th Chess Olympiad Open 2022"]
[Site "Chennai"]
[Date "2022.07.30"]
[Round "2.62"]
[White "Gontcharov, Dimitri"]
[Black "Peter Majur Manyang"]
[Result "0-1"]
[ECO "B77"]
[WhiteElo "1448"]
[BlackElo "2095"]
[Annotator "TA"]
[PlyCount "43"]
[EventDate "2022.07.29"]
[EventType "team-tourn"]
[EventCountry "IND"]
[SourceTitle "playchess.com"]
[Source "ChessBase"]
[SourceQuality "1"]
[WhiteTeam "Bermuda"]
[BlackTeam "SSD"]
[WhiteTeamCountry "BER"]
[TimeControl "40/5400+30:1800+30"]

1. e4 c5 2. Nf3 a6 3. d4 cxd4 4. Nxd4 g6 5. Nc3 Bg7 6. Be3 d6 7. Qd2 Nc6 8. Bc4 Nf6 9. f3 O-O 10. a3 {[%emt 0:00:30] B77: Sicilian Dragon: Yugoslav Attack, 9 Bc4 sidelines.} Qc7 {[%emt 0:00:00] [#] Hoping for ...Nxd4.} 11. Be2 $146 ({Predecessor:} 11. g4 Nxd4 12. Qxd4 Nxg4 13. Nd5 Bxd4 14. Nxc7 Nxe3 15. Nxa8 Nxc4 16. c3 Be5 17. Nc7 {0-1 (35) Chavez,P (1518)-Lemus Pena,M (1805) Montevideo 2017}) 11... b5 12. g4 {[%emt 0:23:09] And now g5 would win.} Bb7 13. h4 Nxd4 14. Bxd4 e5 15. Be3 d5 16. exd5 {[%emt 0:00:30] With the idea 0-0-0.} ({Reject} 16. Nxd5 Nxd5 17. exd5 Rad8 $17) 16... Rfd8 17. O-O-O (17. Bg5 $11) 17... Qa5 $2 (17... Nxd5 $1 $17 {[%cal Oe5e4] Threatens to win with ...e4!} 18. Nxd5 Bxd5) 18. Bg5 b4 (18... Rac8 $16) 19. Na2 ({White must play} 19. Ne4 $18 Rxd5 20. Qxb4 (20. Nxf6+ Bxf6 21. Qxb4 Bxg5+ 22. hxg5 Qc7 $16) 20... Qxb4 21. Nxf6+ (21. axb4 Rxd1+ 22. Rxd1 Nxe4 $16) 21... Bxf6 22. axb4 Bxg5+ 23. hxg5) 19... Bxd5 (19... Rxd5 $14 20. Qxb4 Qc7) 20. Qxb4 $16 Qc7 {[%emt 0:00:30] [#]} 21. Nc3 (21. Qc3 $1 $16 Qb6 22. Nb4) 21... Rab8 $11 {[%emt 0:00:30] [#]} 22. Nxd5 {[%emt 0:00:30] Weighted Error Value: White=0.47/Black=0.40} ({White should try} 22. Bxf6 $1 $11 Bxf6 23. Nxd5 Rxd5 24. Qe4 (24. Rxd5 Rxb4 25. axb4 e4 $11) 24... Rxd1+ 25. Rxd1) 0-1

[Event "44th Chess Olympiad Open 2022"]
[Site "Chennai"]
[Date "2022.07.30"]
[Round "2.63"]
[White "Abera, Aydagnuhem Gezachew"]
[Black "Winston Gerald, Mansfield Thomas"]
[Result "1-0"]
[ECO "B07"]
[WhiteElo "2137"]
[BlackElo "1832"]
[Annotator "TA"]
[PlyCount "128"]
[EventDate "2022.07.29"]
[EventType "team-tourn"]
[EventCountry "IND"]
[SourceTitle "playchess.com"]
[Source "ChessBase"]
[SourceQuality "1"]
[WhiteTeam "Ethiopia"]
[BlackTeam "SLE"]
[WhiteTeamCountry "ETH"]
[TimeControl "40/5400+30:1800+30"]

1. e4 d6 2. d4 Nf6 3. Nc3 c6 4. Nf3 Bg4 5. Bc4 Nbd7 6. Bf4 {[%emt 0:02:42][%cal Of3g5] B07: Pirc Defence: Miscellaneous Systems.} Qa5 {[%emt 0:09:31] [#]} (6... b5 $11 7. Bd3 e5) 7. Qd2 $146 (7. O-O $14) ({Predecessor:} 7. O-O e5 8. dxe5 dxe5 9. Bd2 Qc7 10. h3 Bh5 11. Bg5 Bb4 12. Re1 h6 13. Bd2 {½-½ (77) Song,A-Bennett,H (2074) Auckland 2003}) 7... e5 $11 8. Be3 {[%emt 0:03:53] The position is equal.} b5 9. Bd3 a6 10. O-O Qc7 11. h3 Bh5 (11... Bxf3 $11 12. gxf3 Be7) 12. Nh4 $14 Bg6 13. a3 Be7 14. Nf5 Bxf5 15. exf5 O-O 16. g4 (16. Rfe1 $11) 16... exd4 (16... d5 $15 17. dxe5 Nxe5) 17. Bxd4 $11 Ne5 18. Be2 $36 {[%emt 0:02:23][%mdl 2048] Prevents Nf3+. White has some pressure.} Rfe8 (18... d5 $11) 19. f4 ({White should try} 19. g5 $1 $14 Nfd7 20. b3) 19... Nc4 $15 20. Qc1 Nd5 ({Of course not} 20... c5 21. Bf2 $11) (20... d5 $17) 21. Nxd5 $11 cxd5 22. Bf3 (22. Bd3 $11) 22... Qc6 $2 (22... Bf6 $15 {stays ahead.} 23. Bxf6 gxf6) 23. b3 $16 Nb6 24. Qd2 (24. g5 $16) 24... Rac8 (24... Bf6 $14) 25. Rac1 (25. g5 $18) 25... Bf6 {[%emt 0:00:32] [#]} 26. Bxf6 (26. c3 $1 $16) 26... gxf6 $11 27. Qd4 Qc5 28. Qxc5 dxc5 29. Kf2 Rcd8 30. Rfe1 Kf8 31. h4 a5 32. g5 Rxe1 33. Rxe1 $14 {[%emt 0:00:17][%mdl 4096] Endgame KRB-KRN} Rd6 (33... d4 $14) 34. h5 $16 {[%emt 0:00:47] Strongly threatening h6. White is more active.} c4 {[%emt 0:03:19] [#]} ({Better is} 34... Nc8 $14) 35. h6 $1 $18 fxg5 36. fxg5 d4 37. Re5 ({White should play} 37. Rb1) 37... d3 $2 (37... f6 $16 38. Rxb5 fxg5) 38. cxd3 cxb3 (38... cxd3 $142 39. Rxb5 d2) 39. Rxb5 a4 40. Be4 Nd7 41. Ke3 Rb6 42. Rxb6 Nxb6 {[%emt 0:00:05] KB-KN} 43. Kd2 {[%emt 0:00:09] Black must now prevent Kc3.} Nc8 44. d4 Nd6 45. Bd3 {[%emt 0:00:09] Threatens to win with Kc3.} Nc8 46. Kc3 Nb6 47. Be4 Kg8 48. Kb4 Kf8 49. Kb5 Nc8 50. Kxa4 Nd6 51. Bd3 b2 52. Kb3 Nb5 53. d5 Nd4+ 54. Kxb2 Nf3 55. a4 Nxg5 56. a5 {[%emt 0:00:00] White mates.} Nf3 57. a6 Ne5 58. Bb5 Ke7 59. a7 Kf6 60. a8=Q Kxf5 61. d6 Kg6 62. Qe4+ Kf6 63. Qxh7 Ke6 64. d7 Kd5 {[%emt 0:01:35] Weighted Error Value: White=0.30/Black=0.68} 1-0